| TOP OF THE 1ST |
|
Brooklyn Cyclones batting - Pitching for Rome Braves : RHP Gabe Fillmore
|
|
Pitching: RHP Gabe Fillmore
|
|
|
Batting: LHB Elmo Dreier
|
0-0: Ball 1-0: Ball 2-0: Foul Ball, location: 2F 2-1: Ball 3-1: Ground out 6-3 (Groundball, 6, EV 85.6 MPH)
|
|
Batting: RHB Jack Nickleberry
|
0-0: Ball 1-0: Ground out 4-3 (Groundball, 4, EV 86.9 MPH)
|
|
Batting: RHB Jake Geib
|
0-0: Ball 1-0: SINGLE (Groundball, 56D, EV 100.0 MPH)
|
|
Batting: LHB Miguel Ramos
|
0-0: Ball 1-0: Ball 2-0: Ball 3-0: Called Strike 3-1: Base on Balls Jake Geib to second
|
|
Batting: RHB Ryan Marler
|
0-0: Foul Ball, location: 2F 0-1: DOUBLE (Flyball, 89D, EV 104.4 MPH) Jake Geib scores Miguel Ramos to third Runner from 3rd tries for Home, SAFE, no throw by CF
|
|
Batting: RHB Victor Reyes
|
0-0: Called Strike 0-1: Ball 1-1: Ball 2-1: Swinging Strike Balk! Ryan Marler to third 2-2: Strikes out swinging
|
| Top of the 1st over - 2 runs, 2 hits, 0 errors, 1 left on base; Brooklyn 2 - Rome 0 |
| BOTTOM OF THE 1ST |
|
Rome Braves batting - Pitching for Brooklyn Cyclones : RHP Geoff McDaniel
|
|
Pitching: RHP Geoff McDaniel
|
|
|
Batting: RHB Nate Taylor
|
0-0: Ball 1-0: Foul Ball, location: 2F 1-1: SOLO HOME RUN (Flyball, 7D, EV 94.4 MPH), Distance : 364 ft
|
|
Batting: RHB Chris Trites
|
0-0: Ground out U3 (Groundball, 13, EV 88.8 MPH)
|
|
Batting: LHB Ricardo Sandoval
|
0-0: Ball 1-0: Swinging Strike 1-1: Ball 2-1: Ball 3-1: Fly out, F7 (Flyball, 78M, EV 92.5 MPH)
|
|
Batting: LHB Tamaichi Sasada
|
0-0: Ball 1-0: Swinging Strike 1-1: SINGLE (Groundball, 4D, EV 105.0 MPH)
|
|
Batting: RHB Justin Reich
|
0-0: Foul Ball, location: 2F 0-1: SINGLE (Line Drive, 4MD, EV 110.0 MPH) Tamaichi Sasada to second Runner from 2nd tries for 3rd, OUT! 8-5
|
| Bottom of the 1st over - 1 run, 3 hits, 0 errors, 1 left on base; Brooklyn 2 - Rome 1 |
| TOP OF THE 2ND |
|
Brooklyn Cyclones batting - Pitching for Rome Braves : RHP Gabe Fillmore
|
|
Batting: RHB Tom Primmer
|
0-0: DOUBLE (Line Drive, 89D, EV 106.9 MPH)
|
|
Batting: SHB Duri Chilemba
|
0-0: Ball 1-0: Ball 2-0: Called Strike 2-1: Called Strike 2-2: Ball 3-2: Strikes out looking
|
|
Batting: RHB Roberto Delgado
|
0-0: Called Strike 0-1: Ground out 4-3 (Groundball, 4S, EV 92.5 MPH) Tom Primmer to third
|
|
Batting: LHB Elmo Dreier
|
0-0: Ball 1-0: Ball 2-0: Called Strike 2-1: Foul Ball, location: 2F 2-2: Ground out 4-3 (Groundball, 4, EV 108.1 MPH)
|
| Top of the 2nd over - 0 runs, 1 hit, 0 errors, 1 left on base; Brooklyn 2 - Rome 1 |
| BOTTOM OF THE 2ND |
|
Rome Braves batting - Pitching for Brooklyn Cyclones : RHP Geoff McDaniel
|
|
Batting: SHB Karl Starnes
|
0-0: Called Strike 0-1: Ball 1-1: Swinging Strike 1-2: SINGLE (Groundball, 4D, EV 93.8 MPH)
|
|
Batting: RHB Tim Molchan
|
Pickoff Throw to First - Out! 1-3 0-0: Swinging Strike 0-1: Foul Ball, location: 2F 0-2: Foul Ball, location: 2F 0-2: Ball 1-2: Ground out 6-3 (Groundball, 6D, EV 78.1 MPH)
|
|
Batting: RHB Costantino Dolfini
|
0-0: Called Strike 0-1: Called Strike 0-2: Ball 1-2: Foul Ball, location: 2F 1-2: Ball 2-2: Foul Ball, location: 2F 2-2: Strikes out looking
|
| Bottom of the 2nd over - 0 runs, 1 hit, 0 errors, 0 left on base; Brooklyn 2 - Rome 1 |
| TOP OF THE 3RD |
|
Brooklyn Cyclones batting - Pitching for Rome Braves : RHP Gabe Fillmore
|
|
Batting: RHB Jack Nickleberry
|
0-0: Ground out 6-3 (Groundball, 6, EV 83.1 MPH)
|
|
Batting: RHB Jake Geib
|
0-0: Called Strike 0-1: Ball 1-1: Fly out, F4 (Line Drive, 4, EV 65.6 MPH)
|
|
Batting: LHB Miguel Ramos
|
0-0: Ball 1-0: Called Strike 1-1: Swinging Strike 1-2: Strikes out swinging
|
| Top of the 3rd over - 0 runs, 0 hits, 0 errors, 0 left on base; Brooklyn 2 - Rome 1 |
| BOTTOM OF THE 3RD |
|
Rome Braves batting - Pitching for Brooklyn Cyclones : RHP Geoff McDaniel
|
|
Batting: RHB Rafael Reyes
|
0-0: Ball 1-0: Foul Ball, location: 2F 1-1: Ball 2-1: Foul Ball, location: 2F 2-2: Ground out 3-1 (Groundball, 34S, EV 89.4 MPH)
|
|
Batting: RHB Nate Taylor
|
0-0: Swinging Strike 0-1: Ball 1-1: Ball 2-1: Ball 3-1: Foul Ball, location: 2F 3-2: TRIPLE (Flyball, 89XD, EV 101.2 MPH)
|
|
Batting: RHB Chris Trites
|
0-0: Swinging Strike 0-1: SINGLE (Line Drive, 9LS, EV 110.6 MPH) Nate Taylor scores
|
|
Batting: LHB Ricardo Sandoval
|
0-0: Ball Chris Trites is caught stealing 2nd base 2-6 1-0: Ball 2-0: Foul Ball, location: 2F 2-1: Called Strike 2-2: Fly out, F8 (Flyball, 8RM, EV 92.5 MPH)
|
| Bottom of the 3rd over - 1 run, 2 hits, 0 errors, 0 left on base; Brooklyn 2 - Rome 2 |
| TOP OF THE 4TH |
|
Brooklyn Cyclones batting - Pitching for Rome Braves : RHP Gabe Fillmore
|
|
Batting: RHB Ryan Marler
|
0-0: Ball 1-0: Foul Ball, location: 2F 1-1: DOUBLE (Line Drive, 3D, EV 105.0 MPH)
|
|
Batting: RHB Victor Reyes
|
0-0: Called Strike 0-1: Ball 1-1: Foul Ball, location: 2F 1-2: Foul Ball, location: 2F 1-2: Strikes out swinging
|
|
Batting: RHB Tom Primmer
|
0-0: SINGLE (Flyball, 34D, EV 89.4 MPH) Ryan Marler to third
|
|
Batting: SHB Duri Chilemba
|
0-0: Ball Tom Primmer steals 2nd base 1-0: Called Strike 1-1: Called Strike 1-2: Ball 2-2: Foul Ball, location: 2F 2-2: Foul Ball, location: 2F 2-2: Ball 3-2: Foul Ball, location: 2F 3-2: Ground out 4-3 (Groundball, 4MS, EV 85.6 MPH) Ryan Marler scores Tom Primmer to third
|
|
Batting: RHB Roberto Delgado
|
0-0: Ball 1-0: Foul Ball, location: 2F 1-1: Reached on error, E5 (Groundball, 56S, EV 85.0 MPH) Tom Primmer scores
|
|
Batting: LHB Elmo Dreier
|
0-0: Called Strike 0-1: Fly out, F7 (Flyball, 7LS, EV 88.1 MPH)
|
| Top of the 4th over - 2 runs, 2 hits, 1 error, 1 left on base; Brooklyn 4 - Rome 2 |
| BOTTOM OF THE 4TH |
|
Rome Braves batting - Pitching for Brooklyn Cyclones : RHP Geoff McDaniel
|
|
Batting: LHB Tamaichi Sasada
|
0-0: Foul Ball, location: 2F 0-1: Fly out, F8 (Flyball, 78D, EV 104.4 MPH)
|
|
Batting: RHB Justin Reich
|
0-0: Ball 1-0: Ball 2-0: Ball 3-0: Called Strike 3-1: Ground out 6-3 (Groundball, 6, EV 102.5 MPH)
|
|
Batting: SHB Karl Starnes
|
0-0: Ball 1-0: Ball 2-0: Ball 3-0: Called Strike 3-1: Base on Balls
|
|
Batting: RHB Tim Molchan
|
0-0: Foul Ball, location: 2F 0-1: Ball 1-1: Called Strike 1-2: Strikes out swinging
|
| Bottom of the 4th over - 0 runs, 0 hits, 0 errors, 1 left on base; Brooklyn 4 - Rome 2 |
| TOP OF THE 5TH |
|
Brooklyn Cyclones batting - Pitching for Rome Braves : RHP Gabe Fillmore
|
|
Batting: RHB Jack Nickleberry
|
0-0: Called Strike 0-1: Ball 1-1: Ball 2-1: Ball 3-1: Foul Ball, location: 2F 3-2: Ground out 6-3 (Groundball, 6, EV 86.9 MPH)
|
|
Batting: RHB Jake Geib
|
0-0: Ball 1-0: Called Strike 1-1: Ball 2-1: Called Strike 2-2: Strikes out swinging
|
|
Batting: LHB Miguel Ramos
|
0-0: Ball 1-0: Ball 2-0: Ball 3-0: Called Strike 3-1: Foul Ball, location: 2F 3-2: Strikes out swinging
|
| Top of the 5th over - 0 runs, 0 hits, 0 errors, 0 left on base; Brooklyn 4 - Rome 2 |
| BOTTOM OF THE 5TH |
|
Rome Braves batting - Pitching for Brooklyn Cyclones : RHP Geoff McDaniel
|
|
Batting: RHB Costantino Dolfini
|
0-0: Ball 1-0: Called Strike 1-1: Ball 2-1: Foul Ball, location: 2F 2-2: Fly out, F9 (Line Drive, 89M, EV 93.8 MPH)
|
|
Batting: RHB Rafael Reyes
|
0-0: Called Strike 0-1: Ball 1-1: Fly out, F6 (Line Drive, 6, EV 67.5 MPH)
|
|
Batting: RHB Nate Taylor
|
0-0: Foul Ball, location: 2F 0-1: Swinging Strike 0-2: Foul Ball, location: 2F 0-2: Ground out 6-3 (Groundball, 56, EV 108.1 MPH)
|
| Bottom of the 5th over - 0 runs, 0 hits, 0 errors, 0 left on base; Brooklyn 4 - Rome 2 |
| TOP OF THE 6TH |
|
Brooklyn Cyclones batting - Pitching for Rome Braves : RHP Gabe Fillmore
|
|
Batting: RHB Ryan Marler
|
0-0: Foul Ball, location: 2F 0-1: Ball 1-1: Fly out, F8 (Flyball, 8RM, EV 82.5 MPH)
|
|
Batting: RHB Victor Reyes
|
0-0: Ball 1-0: Ball 2-0: Called Strike 2-1: Foul Ball, location: 2F 2-2: Ball 3-2: Fly out, F8 (Flyball, 8RD, EV 90.6 MPH)
|
|
Batting: RHB Tom Primmer
|
0-0: Swinging Strike 0-1: Foul Ball, location: 2F 0-2: Strikes out swinging
|
| Top of the 6th over - 0 runs, 0 hits, 0 errors, 0 left on base; Brooklyn 4 - Rome 2 |
| BOTTOM OF THE 6TH |
|
Rome Braves batting - Pitching for Brooklyn Cyclones : RHP Geoff McDaniel
|
|
Batting: RHB Chris Trites
|
0-0: Called Strike 0-1: Swinging Strike 0-2: Ball 1-2: Foul Ball, location: 2F 1-2: SINGLE (Groundball, 56D, EV 106.2 MPH)
|
|
Batting: LHB Ricardo Sandoval
|
0-0: Called Strike Chris Trites steals 2nd base (no throw) 0-1: Ball 1-1: Ball 2-1: Ball Passed Ball! Chris Trites to third 3-1: Base on Balls
|
|
Batting: LHB Tamaichi Sasada
|
0-0: Called Strike Ricardo Sandoval steals 2nd base 0-1: Foul Ball, location: 2F 0-2: Foul Ball, location: 2F 0-2: Ground out U3 (Groundball, 3, EV 96.9 MPH)
|
|
Batting: RHB Justin Reich
|
0-0: Called Strike 0-1: Ball 1-1: Ball 2-1: Foul Ball, location: 2F 2-2: Fly out, F9 (Flyball, 89D, EV 89.4 MPH) Runner from 3rd tags up, OUT at HOME! 9-2
|
| Bottom of the 6th over - 0 runs, 1 hit, 0 errors, 1 left on base; Brooklyn 4 - Rome 2 |
| TOP OF THE 7TH |
|
Brooklyn Cyclones batting - Pitching for Rome Braves : RHP Gabe Fillmore
|
|
Batting: SHB Duri Chilemba
|
0-0: Ground out U3 (Groundball, 3, EV 85.6 MPH)
|
|
Batting: SHB Callum Lynch
|
0-0: Called Strike 0-1: Ball 1-1: Called Strike 1-2: Strikes out looking
|
|
Batting: LHB Elmo Dreier
|
0-0: Ground out 4-3 (Groundball, 34D, EV 102.5 MPH)
|
| Top of the 7th over - 0 runs, 0 hits, 0 errors, 0 left on base; Brooklyn 4 - Rome 2 |
| BOTTOM OF THE 7TH |
|
Rome Braves batting - Pitching for Brooklyn Cyclones : RHP Geoff McDaniel
|
|
Batting: SHB Karl Starnes
|
0-0: Reached on error, E4 (Groundball, 4, EV 105.0 MPH)
|
|
Pitching: RHP Battista Aldobrandini
|
|
|
Batting: RHB Tim Molchan
|
0-0: Ball 1-0: Called Strike 1-1: Foul Ball, location: 2F 1-2: Fly out, F8 (Flyball, 8RM, EV 88.8 MPH)
|
|
Batting: RHB Costantino Dolfini
|
0-0: Ball Karl Starnes steals 2nd base 1-0: Ball 2-0: Called Strike 2-1: Ground out U3 (Groundball, 34S, EV 86.9 MPH) Karl Starnes to third
|
|
Batting: RHB Rafael Reyes
|
0-0: Ball 1-0: Foul Ball, location: 2F 1-1: Ball 2-1: SINGLE (Line Drive, 9LS, EV 86.9 MPH) Karl Starnes scores
|
|
Batting: RHB Nate Taylor
|
0-0: Called Strike Rafael Reyes steals 2nd base 0-1: Ball 1-1: Ball 2-1: Ground out 4-3 (Groundball, 4, EV 103.8 MPH)
|
| Bottom of the 7th over - 1 run, 1 hit, 1 error, 1 left on base; Brooklyn 4 - Rome 3 |
| TOP OF THE 8TH |
|
Brooklyn Cyclones batting - Pitching for Rome Braves : RHP Gabe Fillmore
|
|
Pitching: RHP Armando Padron
|
|
|
Batting: RHB Jack Nickleberry
|
0-0: Foul Ball, location: 2F 0-1: Called Strike 0-2: Ball 1-2: Ball 2-2: Fly out, F9 (Flyball, 9, EV 85.0 MPH)
|
|
Batting: RHB Jake Geib
|
0-0: Ball 1-0: Swinging Strike 1-1: Foul Ball, location: 2F 1-2: Fly out, F9 (Flyball, 89S, EV 78.8 MPH)
|
|
Batting: LHB Miguel Ramos
|
0-0: Called Strike 0-1: Called Strike 0-2: Foul Ball, location: 2F 0-2: Ball 1-2: Foul Ball, location: 2F 1-2: Ball 2-2: Strikes out swinging
|
| Top of the 8th over - 0 runs, 0 hits, 0 errors, 0 left on base; Brooklyn 4 - Rome 3 |
| BOTTOM OF THE 8TH |
|
Rome Braves batting - Pitching for Brooklyn Cyclones : RHP Battista Aldobrandini
|
|
Now at 1B: Salvador Gomez
|
|
|
Batting: RHB Chris Trites
|
0-0: Called Strike 0-1: Ball 1-1: Swinging Strike 1-2: Ball 2-2: Ball 3-2: Strikes out swinging
|
|
Batting: LHB Ricardo Sandoval
|
0-0: Ball 1-0: Ball 2-0: Ball 3-0: Called Strike 3-1: Swinging Strike 3-2: Foul Ball, location: 2F 3-2: Strikes out swinging
|
|
Batting: LHB Tamaichi Sasada
|
0-0: Ball 1-0: Ball 2-0: Fly out, F9 (Line Drive, 89M, EV 94.4 MPH)
|
| Bottom of the 8th over - 0 runs, 0 hits, 0 errors, 0 left on base; Brooklyn 4 - Rome 3 |
| TOP OF THE 9TH |
|
Brooklyn Cyclones batting - Pitching for Rome Braves : RHP Armando Padron
|
|
Batting: RHB Ryan Marler
|
0-0: Ball 1-0: Swinging Strike 1-1: Ball 2-1: Swinging Strike 2-2: Strikes out looking
|
|
Batting: RHB Victor Reyes
|
0-0: Ground out 6-3 (Groundball, 6, EV 88.1 MPH)
|
|
Batting: RHB Tom Primmer
|
0-0: Foul Ball, location: 2F 0-1: Ball 1-1: Called Strike 1-2: Ball 2-2: Strikes out looking
|
| Top of the 9th over - 0 runs, 0 hits, 0 errors, 0 left on base; Brooklyn 4 - Rome 3 |
| BOTTOM OF THE 9TH |
|
Rome Braves batting - Pitching for Brooklyn Cyclones : RHP Battista Aldobrandini
|
|
Pitching: RHP Leo Burgos
|
|
|
Batting: RHB Justin Reich
|
0-0: Ball 1-0: Ball 2-0: Foul Ball, location: 2F 2-1: SINGLE (Line Drive, 8RS, EV 87.5 MPH)
|
|
Batting: SHB Karl Starnes
|
0-0: Ball 1-0: Ball 2-0: SINGLE (Groundball, 4MD, EV 101.2 MPH) Justin Reich to second Runner from 2nd tries for 3rd, SAFE, throw by CF made to third
|
|
Pinch Hitting: LHB Cesar Arteaga
|
0-0: Ball 1-0: Ball 2-0: Called Strike 2-1: Ball 3-1: Base on Balls Karl Starnes to second
|
|
Batting: RHB Costantino Dolfini
|
0-0: Ball 1-0: Fly out, F6 (Line Drive, 6, EV 68.8 MPH) Lined into DP, 6-5 (Line Drive, 6, EV 71.2 MPH)
|
|
Batting: RHB Rafael Reyes
|
0-0: Swinging Strike 0-1: Ball 1-1: Foul Ball, location: 2F 1-2: Foul Ball, location: 2F 1-2: Ball 2-2: Ball 3-2: Base on Balls Karl Starnes to third Cesar Arteaga to second
|
|
Batting: RHB Nate Taylor
|
0-0: Ball 1-0: Ball 2-0: Swinging Strike 2-1: Swinging Strike 2-2: Ball 3-2: Strikes out looking
|
| Bottom of the 9th over - 0 runs, 2 hits, 0 errors, 3 left on base; Brooklyn 4 - Rome 3 |
|